 Dungeon Crawl Stone Soup version 0.23.2-1-ga50397a (webtiles) character file.

Game seed: 10542912115667624522

4272 MalarOregon the Spear-Bearer (level 10, 0/83 HPs)
             Began as a Merfolk Gladiator on May 20, 2019.
             Was a Follower of Kikubaaqudgha.
             Killed by the air
             ... invoked by Gastronok
              (25 damage)
             ... on level 8 of the Dungeon.
             The game lasted 00:19:20 (7727 turns).

MalarOregon the Spear-Bearer (Merfolk Gladiator)    Turns: 7727, Time: 00:19:20

Health: 0/83       AC: 10    Str: 18    XL:     10   Next: 31%
Magic:  10/10      EV: 15    Int:  8    God:    Kikubaaqudgha [*.....]
Gold:   445        SH:  0    Dex: 15    Spells: 9/9 levels left

rFire    . . .     SeeInvis .   a - +1 trident
rCold    . . .     Gourm    .   (no shield)
rNeg     . . .     Faith    .   m - +3 leather armour {MR+}
rPois    .         Spirit   .   c - +0 helmet
rElec    .         Reflect  .   (no cloak)
rCorr    .         Harm     .   l - +0 pair of gloves
MR       +....                  E - +0 pair of boots
Stlth    +.........             (no amulet)
HPRegen  0.23/turn              h - +1 ring of evasion
MPRegen  0.12/turn              g - ring of wizardry

@: no status effects
A: change form in water, swift swim, stealthy swim
a: Receive Corpses, Renounce Religion


You were on level 8 of the Dungeon.
You worshipped Kikubaaqudgha.
Kikubaaqudgha was aware of your devotion.
You were not hungry.

You visited 2 branches of the dungeon, and saw 9 of its levels.
You also visited: Ossuary.

You collected 445 gold pieces.

Inventory:

Hand Weapons
 a - a +1 trident (weapon)
 x - the +1 dagger of Fedhas's Indignation {protect, rElec MR+}
   (You found it on level 4 of the Dungeon)

   It protects the one who uses it against injury (+AC on strike).
   It insulates you from electricity.
   It affects your resistance to hostile enchantments.
 A - a +4 scimitar of flaming
   (You took it off Erica on level 8 of the Dungeon)
Missiles
 d - 3 throwing nets (quivered) {!f}
Armour
 c - a +0 helmet (worn)
 l - a +0 pair of gloves (worn)
   (You found it on level 2 of the Dungeon)
 m - a +3 leather armour of magic resistance (worn)
   (You found it on level 2 of the Dungeon)
 E - a +0 pair of boots (worn)
   (You found it on level 6 of the Dungeon)
Jewellery
 g - a ring of wizardry (right hand)
   (You found it on level 1 of the Dungeon)
 h - a +1 ring of evasion (left hand)
   (You found it on level 1 of the Dungeon)
Wands
 q - a wand of enslavement (12)
   (You took it off Ijyb on level 2 of the Dungeon)
 t - a wand of flame (19)
   (You found it on level 4 of the Dungeon)
 u - a wand of paralysis (1)
   (You found it on level 5 of the Dungeon)
Scrolls
 i - a scroll of identify {@r1}
 j - 4 scrolls of remove curse {@r2}
 k - 2 scrolls of immolation {!r}
 v - a scroll of blinking
 w - 2 scrolls of fear
 y - a scroll of fog
Potions
 b - a potion of heal wounds {@q2}
 f - 4 potions of brilliance
 n - a potion of berserk rage
 o - 2 potions of flight
 p - a potion of cancellation
 r - 4 potions of degeneration {!q}
 s - 5 potions of curing {@q1}
 z - 2 potions of invisibility
 B - a potion of mutation {!q}
 C - 3 potions of might
 F - a potion of magic
Comestibles
 e - 17 rations {!d}


   Skills:
 + Level 9.5 Fighting
 + Level 12.5 Polearms
 - Level 2.0 Throwing
 + Level 6.4 Armour
 - Level 4.0 Dodging


You had 9 spell levels left.
You didn't know any spells.
Your spell library contained the following spells:

 Spells                   Type           Power        Failure   Level  Hunger
 Animate Skeleton         Necr           N/A          21%         1    ##.....
 Pain                     Necr           #...         21%         1    ##.....
 Sublimation of Blood     Necr           #.........   28%         2    ###....
 Vampiric Draining        Necr           #.........   50%         3    ####...


Dungeon Overview and Level Annotations

Branches:
Dungeon (8/15)             Temple (1/1) D:6
   Lair: D:8-11

Altars:
Ashenzari
Cheibriados
Dithmenos
Elyvilon
Fedhas
Gozag
Hepliaklqana
Kikubaaqudgha
Makhleb
Nemelex Xobeh
Okawaru
Qazlal
Ru
Sif Muna
Trog
Uskayaw
Wu Jian
Xom
Yredelemnul
The Shining One

Annotations:
D:8 Gastronok


Message History

F - a potion of magic The bat barely misses you.
An elephant comes into view.
As you read the scroll of identify {@r1}, it crumbles to dust.
r - 4 potions of degeneration The bat misses you.
Gastronok casts a spell.
You feel sluggish. The bat closely misses you.
As you read the scroll of identify {@r1}, it crumbles to dust.
f - 4 potions of brilliance The bat barely misses you.
As you read the scroll of identify {@r1}, it crumbles to dust.
z - 2 potions of invisibility The bat barely misses you.
As you read the scroll of identify {@r1}, it crumbles to dust.
B - a potion of mutation The bat completely misses you.
The bat barely misses you.
As you read the scroll of identify {@r1}, it crumbles to dust.
s - 5 potions of curing The bat hits you but does no damage.
A crocodile comes into view.
The bat closely misses you.
As you read the scroll of identify {@r1}, it crumbles to dust.
x - the +1 dagger of Fedhas's Indignation {protect, rElec MR+} The bat barely misses you.
All of the chunks of flesh in your inventory have rotted away.
Attack whom?
Aim: Gastronok, wearing a +2 hat of magic resistance The bat is in the way.
You puncture the bat!
You kill the bat!
The bat's corpse disappears in a puff of smoke!
Attack whom?
Aim: Gastronok, wearing a +2 hat of magic resistance You reach to attack!
You puncture Gastronok!
You don't know any spells.
Okay, then.
You hit Gastronok but do no damage. You puncture Gastronok!
Gastronok misses you.
You hit Gastronok. You hit Gastronok. You puncture Gastronok!
Gastronok bites you!!
You hit Gastronok. You hit Gastronok. You puncture Gastronok!
Gastronok bites you!!
* * * LOW HITPOINT WARNING * * *
A crimson imp comes into view. It is wielding a +0 spear.
Gastronok waves his eye-stalks in wide circles.
The air twists around and strikes you!
You die...
Kikubaaqudgha rasps: "You have failed me!
Welcome... death!"

####. .####
.........
#......5########
#...#...Ybw..@.#
#........#####.#
#..#.........#.#
#.....#..#...#.#
#............#.#
#.?.#........#.#
#w########.#.#.#
#....l@....#.#.#
############l#.#


You could see Gastronok, an elephant, a crimson imp and a bat.

Vanquished Creatures
  Erica (D:8)
  Joseph (D:7)
  6 yaks
  An orc warrior (D:7)
  3 ice beasts
  2 ogres (D:6)
  An elf zombie (D:5)
  3 bullfrogs
  3 elf skeletons (D:5)
  2 scorpions
  4 killer bees (D:7)
  A howler monkey (D:6)
  2 crimson imps
  A bullfrog zombie (D:3)
  A centaur skeleton (D:4)
  3 hounds
  6 orc wizards
  An orc priest (D:7)
  A human skeleton (D:5)
  Ijyb (D:2)
  6 worker ants
  A big kobold zombie (Ossuary)
  A hound zombie (Ossuary)
  4 mummies (Ossuary)
  Robin (D:2)
  4 gnolls (D:4)
  21 adders
  An ooze (D:1)
  2 adder zombies
  2 worms
  4 dart slugs
  8 leopard geckos
  25 orcs
  2 ball pythons
  5 bats
  7 giant cockroaches
  A gnoll zombie (Ossuary)
  11 goblins
  13 hobgoblins
  22 jackals
  2 quokkas (D:3)
  7 frilled lizards
  A goblin zombie (Ossuary)
  2 jackal zombies (Ossuary)
  3 kobolds
  3 kobold zombies (Ossuary)
  An orc zombie (D:5)
  9 rats
  2 rat zombies (Ossuary)
215 creatures vanquished.

Notes
Turn   | Place    | Note
-------+----------+-------------------------------------------
     0 | D:1      | MalarOregon the Merfolk Gladiator began the quest for the
                  | Orb.
     0 | D:1      | Reached XP level 1. HP: 16/16 MP: 1/1
    29 | D:1      | Reached XP level 2. HP: 23/23 MP: 2/2
   144 | D:1      | Reached skill level 5 in Polearms
   156 | D:1      | Reached XP level 3. HP: 25/28 MP: 3/3
   217 | D:1      | Reached skill level 1 in Armour
   524 | D:2      | Noticed Robin
   530 | D:2      | Killed Robin
   530 | D:2      | Reached XP level 4. HP: 32/35 MP: 4/4
   957 | D:2      | Reached XP level 5. HP: 41/41 MP: 5/5
  1162 | D:2      | Found a snail-covered altar of Cheibriados.
  1190 | D:3      | Noticed Ijyb
  1199 | D:3      | Reached skill level 6 in Polearms
  1218 | D:2      | Killed Ijyb
  1368 | D:3      | Found a basalt altar of Yredelemnul.
  1532 | D:3      | You fall through a shaft for 3 floors!
  1611 | D:6      | Reached XP level 6. HP: 48/48 MP: 6/6
  1633 | D:5      | Entered Level 5 of the Dungeon
  1633 | D:5      | Noticed an ice beast
  1644 | D:5      | Killed an ice beast
  1686 | D:5      | Found a deep blue altar of Sif Muna.
  1731 | D:5      | Reached skill level 7 in Polearms
  1887 | D:5      | Reached XP level 7. HP: 44/55 MP: 7/7
  1906 | D:5      | Reached skill level 5 in Fighting
  1912 | D:5      | Found a sand-covered staircase.
  1948 | D:5      | Reached skill level 8 in Polearms
  2064 | Ossuary  | Entered an ossuary
  2729 | D:5      | Reached XP level 8. HP: 61/64 MP: 8/8
  2801 | D:4      | Found a hide-covered altar of Uskayaw.
  2801 | D:4      | Noticed a +0 dagger
  2801 | D:4      | Noticed a +0 hand axe
  3047 | D:4      | Got a twisted dagger
  3286 | D:4      | Reached skill level 9 in Polearms
  4433 | D:6      | Found a staircase to the Ecumenical Temple.
  4814 | D:6      | Reached skill level 10 in Polearms
  5078 | Temple   | Entered the Ecumenical Temple
  5137 | Temple   | Became a worshipper of Kikubaaqudgha
  5241 | D:6      | Reached XP level 9. HP: 41/72 MP: 9/9
  5816 | D:6      | Reached skill level 5 in Armour
  5846 | D:7      | Noticed Joseph
  5879 | D:7      | Killed Joseph
  5879 | D:7      | Reached skill level 11 in Polearms
  6590 | D:7      | Reached * piety under Kikubaaqudgha
  6590 | D:7      | Identified Kikubaaqudgha's Volume of Necromancy
                  | (Kikubaaqudgha gifted it to you on level 7 of the Dungeon)
  6590 | D:7      | Received a gift from Kikubaaqudgha
  6861 | D:7      | Reached skill level 12 in Polearms
  6861 | D:7      | Reached XP level 10. HP: 63/83 MP: 10/10
  7435 | D:8      | Noticed Gastronok
  7435 | D:8      | Noticed Erica
  7504 | D:8      | Killed Erica
  7709 | D:8      | Noticed an elephant
  7715 | D:8      | Identified the +1 dagger of Fedhas's Indignation {protect,
                  | rElec MR+} (You found it on level 4 of the Dungeon)
  7727 | D:8      | Killed from afar by Gastronok

Skill      XL: |  1  2  3  4  5  6  7  8  9 |
---------------+----------------------------+-----
Polearms       | 5 6 7 8 10 12 | 12.5
Armour         | 1 2 3 4 6 |  6.4
Fighting       | 3 4 5 7 9 |  9.5
Throwing       | |  2.0
Dodging        | |  4.0

Action                   |  1- 3 |  4- 6 |  7- 9 | 10-12 || total
-------------------------+-------+-------+-------+-------++-------
Melee: Trident           |    68 |   268 |   547 |    65 ||   948
Evoke: Wand              |       |       |     1 |       ||     1
  Use: Potion            |       |     1 |       |       ||     1
       Scroll            |       |     8 |     2 |    12 ||    22
 Stab: Sleeping          |     3 |     2 |     4 |       ||     9
       Distracted        |       |       |     1 |       ||     1
       Paralysed         |       |       |     4 |       ||     4
  Eat: Chunk             |       |     3 |    13 |     3 ||    19
       Ration            |       |       |     1 |       ||     1
Armor: Leather armour    |    18 |    83 |   106 |     6 ||   213
Dodge: Dodged            |    36 |   182 |   315 |    33 ||   566
